AoeStats
← hi_joel

Arabian Desert

510467643Analyzed
1v1 RM · 13h ago on Oct 1, 2026· 45m 57s· 2 players
Game mode
Random Map
Map size
Tiny (2 player)
Population
200
Speed
Normal
Resources
Standard
Victory
Conquest
Starting age
Dark Age
Ending age
Imperial Age
RankedLock teamsTeams togetherTeam positionsShared explorationLock speedFull tech treeHidden civsTurbo modeCheats
Victory
Defeat
🇬🇹 Slavs · Guatemala
1137
+16
🇦🇺 Gurjaras · Australia
1147
-16
hi_joel
7:10 Loom
9:57 Feudal Age
17:45 Castle Age
15:32 Man-at-Arms
17:13 Forging
17:08 Double-Bit Axe
17:23 Horse Collar
17:36 Gold Mining
18:04 Long Swordsman
18:44 Squires
19:35 Scale Mail Armor
20:42 Town Watch
25:20 Wheelbarrow
25:39 Heavy Plow
28:46 Iron Casting
28:26 Chain Mail Armor
31:05 Ballistics
33:29 Imperial Age
31:36 Hand Cart
31:53 Scale Barding Armor
31:41 Fletching
32:14 Ballistics
31:59 Elite Skirmisher
33:31 Capped Ram
34:17 Bodkin Arrow
34:25 Padded Archer Armor
34:43 Two-Handed Swordsman
36:18 Siege Ram
38:15 Herbal Medicine
38:56 Plate Mail Armor
39:27 Blast Furnace
38:43 Leather Archer Armor
38:33 Champion
41:23 Chemistry
42:51 Conscription
43:11 Druzhina
BBurning
8:30 Loom
10:46 Feudal Age
15:39 Castle Age
14:18 Double-Bit Axe
16:40 Scale Mail Armor
18:33 Town Watch
20:55 Wheelbarrow
21:36 Man-at-Arms
22:43 Forging
23:42 Husbandry
24:19 Bloodlines
24:55 Scale Barding Armor
24:54 Gold Mining
26:46 Hand Cart
27:47 Town Patrol
28:54 Fletching
29:59 Horse Collar
30:32 Bow Saw
30:38 Padded Archer Armor
31:52 Iron Casting
31:19 Stone Mining
32:35 Leather Archer Armor
32:43 Chain Barding Armor
35:06 Bodkin Arrow
38:00 Imperial Age
36:41 Treadmill Crane
37:15 Masonry
40:47 Conscription
40:45 Heavy Camel Rider
44:16 Plate Barding Armor
Connection lost

Rejoining the realm…

Still unreachable

The connection could not be restored.

Session expired

The server has moved on; the page needs a fresh start.